[Event "Titled Tuesday Blitz November 30 2021"]
[White "Vlassov, Nikolai"]
[Black "Svane, Rasmus"]
[WhiteFideId "4103360"]
[BlackFideId "4657101"]
[WhiteElo "2407"]
[BlackElo "2643"]
[Result "0-1"]
[Round "06"]
[TimeControl "180+1"]
[Date "2021.11.30"]
[WhiteClock "0:00:03"]
[BlackClock "0:00:03"]

1. e4 c6 2. d4 d5 3. e5 Bf5 4. Nc3 e6 5. g4 Bg6 6. Nge2 c5 7. Be3 Nc6 8. dxc5 h5 9. Nf4 Bh7 10. Bb5 hxg4 11. Qxg4 Bf5 12. Qg3 a6 13. Ba4 Ne7 14. O-O-O Qc7 15. Nd3 O-O-O 16. Bg5 Bxd3 17. cxd3 Nf5 18. Qg2 Be7 19. Bxc6 Bxg5+ 20. Qxg5 Qxc6 21. d4 Rh4 22. Ne2 Rdh8 23. Kb1 Qb5 24. Qd2 Rxh2 25. Rxh2 Rxh2 26. Nc3 Qe8 27. Rc1 Rh4 28. Ne2 Qb5 29. Nc3 Qb4 30. c6 bxc6 31. Qd3 Kb7 32. Nxd5 cxd5 33. Qc2 Qc4 34. Qd1 Rxd4 35. Qh5 Qd3+ 36. Ka1 Nh6 37. Qg5 Nf5 38. Qh5 Rc4 39. Qxf7+ Kb6 40. Qxe6+ Ka5 41. Rb1 Rc5 42. Qe8 Rb5 43. Qd8+ Ka4 44. Qc8 Nd4 45. Qxa6+ Kb4 46. Qa3+ Qxa3 47. bxa3+ Ka4 48. Rd1 Nc2# 0-1


[Site "https://www.chess.com"]

[Event "Titled Tuesday Blitz November 30 2021"]
[White "Weetik, Vjacheslav"]
[Black "Demchenko, Anton"]
[WhiteFideId "4153472"]
[BlackFideId "4160258"]
[WhiteElo "2469"]
[BlackElo "2583"]
[Result "0-1"]
[Round "06"]
[TimeControl "180+1"]
[Date "2021.11.30"]
[WhiteClock "0:00:02"]
[BlackClock "0:00:05"]

1. d4 d5 2. Bf4 Nf6 3. e3 e6 4. Nd2 c5 5. c3 Nc6 6. Bd3 Bd6 7. Bxd6 Qxd6 8. f4 cxd4 9. cxd4 Nb4 10. Bb1 Qa6 11. Nb3 Bd7 12. a3 Nc6 13. Nc5 Qb6 14. b4 Ne7 15. Nf3 a5 16. Ne5 axb4 17. Qb3 Nc6 18. O-O Bc8 19. Bd3 O-O 20. Rab1 Ne7 21. axb4 Qd6 22. b5 b6 23. Na6 Ne4 24. Qc2 f6 25. Nf3 Nf5 26. Bxe4 dxe4 27. Qxe4 Bxa6 28. bxa6 Rxa6 29. Rfc1 Ne7 30. Qb7 Rfa8 31. Rc7 R6a7 32. Qxa7 Rxa7 33. Rxa7 h5 34. Rb7 Nd5 35. Ra1 Nxe3 36. Raa7 Nf5 37. h3 Qxf4 38. Rxb6 Nxd4 39. Rbb7 Nf5 40. Rc7 e5 0-1


[Site "https://www.chess.com"]

[Event "Titled Tuesday Blitz November 30 2021"]
[White "Willow, Jonah B"]
[Black "Stribuk, Artiom"]
[WhiteFideId "438804"]
[BlackFideId "13515659"]
[WhiteElo "2261"]
[BlackElo "2224"]
[Result "0-1"]
[Round "06"]
[TimeControl "180+1"]
[Date "2021.11.30"]
[WhiteClock "0:00:16"]
[BlackClock "0:00:17"]

1. e4 c5 2. Nf3 Nc6 3. d4 cxd4 4. Nxd4 Nf6 5. Nc3 e5 6. Ndb5 d6 7. Bg5 a6 8. Na3 b5 9. Nd5 Be7 10. Bxf6 Bxf6 11. c3 O-O 12. Nc2 Bg5 13. h4 Bh6 14. g4 Bf4 15. Nxf4 exf4 16. Qf3 Re8 17. Qxf4 d5 18. O-O-O Rxe4 19. Qxe4 dxe4 20. Rxd8+ Nxd8 21. Bg2 Bxg4 22. Bxe4 Rc8 23. Nb4 a5 24. Nd5 Kf8 25. f3 Be6 26. Rd1 f5 27. Bc2 Nf7 28. Nf4 Bxa2 29. Bxf5 Rc5 30. Bxh7 Ne5 31. Be4 b4 32. Kd2 Nc4+ 33. Kc1 Ne3 34. Rd7 bxc3 35. bxc3 Bf7 36. Rd8+ Ke7 37. Ra8 Rxc3+ 38. Kd2 Ra3 39. Ra7+ Kf6 40. Ra6+ Ke7 41. Ra7+ Kf6 42. Rc7 Nc4+ 43. Ke1 Nd6 44. Nd5+ Bxd5 45. Bxd5 Ke5 46. Ba8 Nf5 47. h5 a4 48. Ra7 Ra1+ 49. Kd2 a3 50. Be4 Nd6 51. Bc2 Rg1 52. Rxa3 Nc4+ 53. Ke2 Nxa3 54. Bg6 Kf6 55. Kf2 Rxg6 56. hxg6 Kxg6 57. Ke3 Kf6 58. Ke4 Nb5 59. Kf4 Nc7 60. Kg4 Ne6 61. Kh5 Nd4 62. f4 Ne6 63. Kg4 g6 64. Kf3 Kf5 65. Kg3 Nxf4 66. Kh4 g5+ 67. Kg3 g4 68. Kh4 Ne2 69. Kh5 g3 70. Kh4 g2 71. Kh3 g1=Q 72. Kh4 Qg4# 0-1


[Site "https://www.chess.com"]

[Event "Titled Tuesday Blitz November 30 2021"]
[White "Abdrlauf, Elham"]
[Black "Acor, Corey"]
[WhiteFideId "1533533"]
[BlackFideId "2024861"]
[WhiteElo "2362"]
[BlackElo "2300"]
[Result "0-1"]
[Round "07"]
[TimeControl "180+1"]
[Date "2021.11.30"]
[WhiteClock "0:00:04"]
[BlackClock "0:00:08"]

1. e4 e5 2. Nc3 Nc6 3. Nf3 g6 4. d4 exd4 5. Nxd4 Bg7 6. Be3 Nge7 7. Bc4 d6 8. f3 O-O 9. Qd2 Ne5 10. Be2 N7c6 11. O-O-O Nxd4 12. Bxd4 Be6 13. f4 Nd7 14. Bxg7 Kxg7 15. g4 f5 16. gxf5 gxf5 17. Rhg1+ Kh8 18. Qd4+ Qf6 19. Nb5 Qxd4 20. Nxd4 Rae8 21. Bh5 Bf7 22. Bxf7 Rxf7 23. exf5 Nf8 24. Rde1 Rxe1+ 25. Rxe1 c5 26. Nb5 Rf6 27. Rd1 Rxf5 28. Nxd6 Rxf4 29. Nxb7 c4 30. Rd8 Kg7 31. Nc5 Rf1+ 32. Rd1 Rf2 33. h4 h5 34. Rd4 c3 35. bxc3 Ng6 36. Rd7+ Kh6 37. Rxa7 Nxh4 38. Ra6+ Ng6 39. Nd3 Rf1+ 40. Kd2 Kg5 41. Ke2 Rf5 42. a4 h4 43. Nf2 Nf4+ 44. Kd2 Nh5 45. Ke3 Ng3 46. Ra8 Nf1+ 47. Ke2 Ng3+ 48. Ke1 Re5+ 49. Kd1 Rd5+ 50. Kc1 Rf5 51. Nd3 h3 52. Rg8+ Kh4 53. Rh8+ Nh5 54. Re8 h2 55. Re1 Ng3 56. Kb2 h1=Q 57. Rxh1+ Nxh1 58. Kb3 Ng3 59. Kb4 Ne4 60. a5 Nd6 61. c4 Rf6 62. c5 Nc8 63. Ne5 Kg5 64. Nc4 Kf5 65. Nb6 Na7 66. Nd5 Rh6 67. Kc4 Ke4 68. Nc3+ Ke5 69. a6 Rh4+ 70. Kb3 Kd4 71. Kb4 Ke5+ 72. Kb3 Rh6 73. Kb4 Rxa6 74. Nb5 Nc6+ 75. Kc4 Ra4+ 76. Kc3 Ra5 77. Kc4 Ra4+ 78. Kc3 Kd5 79. Nd6 Kxc5 80. Ne8 Rc4+ 81. Kd3 Rh4 82. Nf6 Rh3+ 83. Kd2 Nb4 84. Ne4+ Kd4 85. Ng5 Rh2+ 86. Kd1 Rxc2 87. Nf3+ Ke3 88. Ne1 Rh2 89. Kc1 Rh1 90. Kd1 Nd3 91. Kc2 Rxe1 92. Kb3 Re2 93. Kc3 Nf2 94. Kb3 Rd2 0-1


[Site "https://www.chess.com"]

[Event "Titled Tuesday Blitz November 30 2021"]
[White "Aldokhin, Ivan"]
[Black "Bacrot, Etienne"]
[WhiteFideId "24115720"]
[BlackFideId "605506"]
[WhiteElo "2231"]
[BlackElo "2673"]
[Result "0-1"]
[Round "07"]
[TimeControl "180+1"]
[Date "2021.11.30"]
[WhiteClock "0:00:05"]
[BlackClock "0:00:06"]

1. e4 c5 2. Nf3 d6 3. d4 cxd4 4. Nxd4 Nf6 5. Nc3 Nc6 6. h3 e5 7. Nde2 Be7 8. g4 Be6 9. Bg2 Rc8 10. O-O O-O 11. Ng3 Nd4 12. Nf5 Bxf5 13. exf5 d5 14. Bg5 h6 15. Bxf6 Bxf6 16. Bxd5 Qb6 17. Bb3 Rfd8 18. Nd5 Rxd5 19. Bxd5 Rxc2 20. Be4 Re2 21. Qd3 Bh4 22. Rac1 Kh7 23. f6+ g6 24. Rc4 Rxb2 25. Rb1 Rxb1+ 26. Qxb1 Qxf6 27. Qe1 Qf4 28. Qe3 Qf6 29. Kg2 Ne6 30. Rc8 Nf4+ 31. Kh1 Bg5 32. Qf3 Qd6 33. Ra8 Qd4 34. Bxg6+ Kxg6 35. h4 Bxh4 36. Rg8+ Kh7 37. Re8 Qxf2 38. Qxf2 Bxf2 39. Re7 Kg6 40. Rxb7 Bb6 41. Rb8 Ne6 42. Rg8+ Kh7 43. Re8 e4 44. Re7 Kg6 45. Kg2 e3 46. Kf3 Nd4+ 47. Kg2 e2 48. a4 Ba5 49. Kf2 e1=Q+ 50. Rxe1 Bxe1+ 51. Kxe1 Kg5 52. Kd2 Kxg4 53. Kd3 Ne6 0-1


[Site "https://www.chess.com"]

[Event "Titled Tuesday Blitz November 30 2021"]
[White "Andreikin, Dmitry"]
[Black "Indjic, Aleksandar"]
[WhiteFideId "4158814"]
[BlackFideId "911925"]
[WhiteElo "2736"]
[BlackElo "2643"]
[Result "1/2-1/2"]
[Round "07"]
[TimeControl "180+1"]
[Date "2021.11.30"]
[WhiteClock "0:00:03"]
[BlackClock "0:00:06"]

1. d4 Nf6 2. c4 c5 3. Nf3 e6 4. Nc3 cxd4 5. Nxd4 d5 6. cxd5 Nxd5 7. Bd2 Bc5 8. Nb3 Bb6 9. g3 Nc6 10. Bg2 O-O 11. O-O a5 12. Na4 Ba7 13. Rc1 Qe7 14. Qc2 Bd7 15. Nbc5 Nd4 16. Qd3 Bxa4 17. Nxa4 Rfd8 18. e3 Nb4 19. Bxb4 Qxb4 20. Qd1 Nf5 21. Qb3 Qxb3 22. axb3 Nxe3 23. fxe3 Bxe3+ 24. Kh1 Bxc1 25. Rxc1 Rab8 26. Nb6 Rd6 27. Nc4 Ra6 28. h4 a4 29. bxa4 Rxa4 30. Nd6 Rb4 31. Rc7 f5 32. Bf1 Rd8 33. Nc4 Rb5 34. Kg2 b6 35. Be2 g6 36. Re7 Kf8 37. Rxe6 Rb4 38. Kf3 b5 39. Ne5 Rxb2 40. Rf6+ Kg7 41. Rf7+ Kg8 42. Rb7 Re8 43. Bxb5 Rb3+ 44. Kf2 Rb2+ 45. Kf3 Rb3+ 46. Kg2 Rb2+ 47. Kh3 Re6 48. Rb8+ Kg7 49. Rb7+ Kg8 50. Nf7 Re1 51. Nh6+ Kh8 52. Nf7+ Kg8 53. Nh6+ Kh8 54. Nf7+ Kg8 1/2-1/2


[Site "https://www.chess.com"]

[Event "Titled Tuesday Blitz November 30 2021"]
[White "Atakishiyev, Elmar"]
[Black "Yilmaz, Mustafa"]
[WhiteFideId "13410547"]
[BlackFideId "6302718"]
[WhiteElo "2088"]
[BlackElo "2518"]
[Result "0-1"]
[Round "07"]
[TimeControl "180+1"]
[Date "2021.11.30"]
[WhiteClock "0:00:05"]
[BlackClock "0:00:15"]

1. d4 Nf6 2. c4 e6 3. g3 c5 4. d5 exd5 5. cxd5 d6 6. Nc3 g6 7. Bg2 Bg7 8. Nf3 O-O 9. O-O Re8 10. Bf4 Bg4 11. h3 Bxf3 12. Bxf3 Nbd7 13. a4 Ne5 14. Bg2 a6 15. Qb3 Rb8 16. a5 b5 17. axb6 Rxb6 18. Qa2 Qb8 19. Rab1 Nh5 20. Bd2 f5 21. e4 f4 22. Bxf4 Nxf4 23. gxf4 Nd3 24. Ne2 Rxb2 25. Rxb2 Qxb2 26. Qxb2 Bxb2 27. e5 a5 28. Be4 c4 29. Rd1 Nc5 30. Bc2 a4 31. Nd4 a3 32. Bb1 Bxd4 33. Rxd4 c3 34. Rc4 Rb8 35. Ba2 Rb2 36. exd6 Nd7 37. Rxc3 Rxa2 38. Rc7 Rd2 39. Rxd7 a2 40. Ra7 Rd1+ 41. Kg2 a1=Q 42. d7 Qxa7 43. d8=Q+ Kf7 44. d6 Qb7+ 45. Kg3 Rg1+ 46. Kh4 g5+ 47. fxg5 Qe4+ 48. Kh5 Qf3+ 49. Kh4 Qxf2+ 50. Kh5 Qf3+ 51. Kh4 Qe4+ 52. Kh5 Qe2+ 53. Kh4 Rg4+ 54. Kh5 Rf4+ 0-1


[Site "https://www.chess.com"]

[Event "Titled Tuesday Blitz November 30 2021"]
[White "Azarov, Sergei"]
[Black "Szpar, Milosz"]
[WhiteFideId "13501470"]
[BlackFideId "1184989"]
[WhiteElo "2494"]
[BlackElo "2285"]
[Result "1/2-1/2"]
[Round "07"]
[TimeControl "180+1"]
[Date "2021.11.30"]
[WhiteClock "0:00:06"]
[BlackClock "0:00:04"]

1. e4 c5 2. Nf3 d6 3. d4 cxd4 4. Nxd4 Nf6 5. Nc3 Nc6 6. Bg5 e6 7. Qd2 a6 8. O-O-O h6 9. Bxf6 Qxf6 10. Nxc6 bxc6 11. f4 Qd8 12. h4 Rb8 13. Bc4 Qb6 14. Bb3 Bd7 15. f5 c5 16. fxe6 fxe6 17. Qe2 Be7 18. Rhf1 h5 19. Kb1 Bxh4 20. e5 d5 21. Rxd5 exd5 22. Nxd5 Qg6 23. e6 Bb5 24. Qe5 Rb7 25. Rf7 Qxg2 26. a4 Qg1+ 27. Ka2 Rxf7 28. exf7+ Kxf7 29. Qf5+ Bf6 30. Nxf6+ c4 31. Nd5+ Ke8 32. Qc8+ Kf7 33. Qf5+ Ke8 34. Qe6+ Kf8 35. axb5 cxb3+ 36. cxb3 axb5 37. Qc8+ Kf7 38. Qxh8 Qa7+ 39. Kb1 Qg1+ 40. Ka2 Qa7+ 41. Kb1 Qg1+ 42. Ka2 1/2-1/2


[Site "https://www.chess.com"]

[Event "Titled Tuesday Blitz November 30 2021"]
[White "Babazada, Khazar"]
[Black "Wagner, Dennis"]
[WhiteFideId "13413554"]
[BlackFideId "24650684"]
[WhiteElo "2302"]
[BlackElo "2355"]
[Result "1-0"]
[Round "07"]
[TimeControl "180+1"]
[Date "2021.11.30"]
[WhiteClock "0:00:31"]
[BlackClock "0:00:02"]

1. e4 c5 2. Nf3 d6 3. d4 cxd4 4. Nxd4 Nf6 5. Nc3 a6 6. h3 e5 7. Nf3 Be7 8. g3 Nbd7 9. Bg2 b5 10. a3 Bb7 11. Nh4 g6 12. Bh6 Rc8 13. Qe2 Rxc3 14. bxc3 Nc5 15. Bg7 Rg8 16. Bxf6 Bxf6 17. Rd1 Bxh4 18. gxh4 Ne6 19. Bf3 Nf4 20. Qe3 Qc7 21. Rg1 h5 22. Rg3 Ke7 23. Be2 Rc8 24. c4 bxc4 25. Bf1 Ba8 26. Rb1 Kf8 27. Rb4 d5 28. exd5 Nxd5 29. Qh6+ Ke7 30. Rxc4 Qa5+ 31. Qd2 Qxd2+ 32. Kxd2 Rb8 33. Bd3 Rb1 34. Be4 Nb6 35. Rc7+ Kd6 36. Bxa8 Kxc7 37. Be4 Nc4+ 38. Ke2 Ra1 39. Rc3 Rxa3 40. Rxc4+ Kd6 41. f3 f5 42. Ba8 Kd7 43. Rc6 e4 44. Rxg6 exf3+ 45. Bxf3 Rc3 46. Rg5 Rxc2+ 47. Ke3 Rh2 48. Bg2 Ke6 49. Kf2 Kf6 50. Kg1 Rxh3 51. Bxh3 1-0


[Site "https://www.chess.com"]

[Event "Titled Tuesday Blitz November 30 2021"]
[White "Barria Zuniga, Daniel"]
[Black "Svane, Frederik"]
[WhiteFideId "3400816"]
[BlackFideId "12923044"]
[WhiteElo "2414"]
[BlackElo "2459"]
[Result "1-0"]
[Round "07"]
[TimeControl "180+1"]
[Date "2021.11.30"]
[WhiteClock "0:00:18"]
[BlackClock "0:01:00"]

1. d4 Nf6 2. c4 g6 3. Nc3 Bg7 4. e4 d6 5. Be2 O-O 6. Nf3 e5 7. d5 Na6 8. Bg5 h6 9. Bh4 Qe8 10. Nd2 Bd7 11. O-O Nc5 12. Qc2 a5 13. b3 Nh7 14. a3 f5 15. f3 Bf6 16. Bf2 Qe7 17. b4 Na6 18. c5 axb4 19. axb4 Nxb4 20. Qb3 dxc5 21. d6+ Qf7 22. Bc4 Rxa1 23. Rxa1 cxd6 24. Bxf7+ Rxf7 25. Ra7 Ng5 26. Nd5 Nxd5 27. Qxd5 Bc6 28. Qxd6 fxe4 29. Nxe4 Nxe4 30. fxe4 Kg7 31. Bxc5 Bxe4 32. Bb4 Bc6 33. Ra8 g5 34. Rf8 e4 35. Rxf7+ Kxf7 36. Bc5 Kg7 37. Bd4 Bxd4+ 38. Qxd4+ Kg6 39. Qe5 Kf7 40. Kf2 Kg6 41. Ke3 Kh5 42. Qe6 g4 43. Qf5+ Kh4 44. Kf4 Bd7 45. Qxd7 h5 46. Qe7# 1-0


[Site "https://www.chess.com"]

[Event "Titled Tuesday Blitz November 30 2021"]
[White "Bazeev, German"]
[Black "Sadhwani, Raunak"]
[WhiteFideId "24119350"]
[BlackFideId "35093487"]
[WhiteElo "2462"]
[BlackElo "2517"]
[Result "0-1"]
[Round "07"]
[TimeControl "180+1"]
[Date "2021.11.30"]
[WhiteClock "0:00:02"]
[BlackClock "0:00:30"]

1. d4 Nf6 2. Nf3 d5 3. c4 e6 4. g3 dxc4 5. Bg2 c5 6. O-O Nc6 7. dxc5 Qxd1 8. Rxd1 Bxc5 9. Nbd2 c3 10. bxc3 O-O 11. Nb3 Be7 12. c4 Bd7 13. Bb2 Rfd8 14. Nfd2 Be8 15. c5 a5 16. a4 Nd5 17. Nc4 Ndb4 18. Nb6 Rxd1+ 19. Rxd1 Rd8 20. Rxd8 Bxd8 21. Nc4 Bd7 22. Nd6 b6 23. Nb5 f6 24. Bc1 Kf7 25. h4 e5 26. Be3 Be6 27. Na1 bxc5 28. Bxc5 Be7 29. Bb6 Nd5 30. Bxd5 Bxd5 31. Nc3 Be6 32. Nc2 Ke8 33. Ne3 Kd7 34. Ncd5 Bd6 35. h5 f5 36. f4 exf4 37. gxf4 Nb4 38. Nc3 Bxf4 39. Kf2 Be5 40. Nb5 Nc6 41. Bc5 g6 42. Ng2 Bb3 43. Be3 0-1


[Site "https://www.chess.com"]

[Event "Titled Tuesday Blitz November 30 2021"]
[White "Costachi, Mihnea"]
[Black "Borsuk, Konstantin"]
[WhiteFideId "1217518"]
[BlackFideId "14113406"]
[WhiteElo "2482"]
[BlackElo "2406"]
[Result "1/2-1/2"]
[Round "07"]
[TimeControl "180+1"]
[Date "2021.11.30"]
[WhiteClock "0:00:05"]
[BlackClock "0:00:07"]

1. d4 Nf6 2. c4 e6 3. Nf3 Bb4+ 4. Bd2 c5 5. Bxb4 cxb4 6. g3 O-O 7. Bg2 d6 8. O-O Qc7 9. Nbd2 a5 10. a3 Na6 11. e4 e5 12. c5 dxc5 13. dxe5 Ng4 14. axb4 Nxb4 15. Nc4 Rd8 16. Qe2 Be6 17. Rfc1 b6 18. Nd6 Nxe5 19. Nxe5 Qxd6 20. f4 a4 21. Nf3 Bb3 22. e5 Qd3 23. Qf2 Ra7 24. Ng5 Qd4 25. Qxd4 Rxd4 26. Rc3 Rad7 27. Bf3 Nd3 28. Ne4 Nxb2 29. Nd6 g6 30. Bc6 R7xd6 31. exd6 Rxd6 32. Bb5 Rd4 33. h4 h5 34. Kh2 Kg7 35. Kg1 Rd2 36. Re3 Rd4 37. Rc3 Rb4 38. Bc6 Nd1 39. Rxb3 axb3 40. Rxd1 b2 41. Rb1 Rb3 42. Kf2 b5 43. Be4 c4 44. Bc2 Rb4 45. Ke3 c3 46. Kd3 Rc4 47. Bb3 Rc7 48. Kc2 b4 49. Rd1 Ra7 50. Rf1 Ra1 51. Rb1 f6 52. Be6 g5 53. fxg5 fxg5 54. Bf5 Kf6 55. Bd3 gxh4 56. gxh4 Ke5 57. Bg6 Kf4 58. Bd3 Kg3 59. Kb3 Kxh4 60. Kxb4 Rxb1 61. Bxb1 Kg3 62. Kxc3 h4 63. Kxb2 Kf4 64. Ba2 h3 65. Bd5 h2 66. Ba8 h1=Q 67. Bxh1 1/2-1/2


[Site "https://www.chess.com"]

[Event "Titled Tuesday Blitz November 30 2021"]
[White "Deac, Bogdan-Daniel"]
[Black "Preotu, Razvan"]
[WhiteFideId "1226380"]
[BlackFideId "2613280"]
[WhiteElo "2605"]
[BlackElo "2407"]
[Result "1-0"]
[Round "07"]
[TimeControl "180+1"]
[Date "2021.11.30"]
[WhiteClock "0:00:10"]
[BlackClock "0:00:20"]

1. e4 c5 2. Nf3 d6 3. d4 cxd4 4. Nxd4 Nf6 5. Nc3 a6 6. Be2 e5 7. Nb3 Be7 8. O-O O-O 9. Qd3 Be6 10. Bd2 Nc6 11. Nd5 a5 12. a4 Bxd5 13. exd5 Nb4 14. Bxb4 axb4 15. a5 Qc7 16. Ra4 Rfc8 17. Rc1 Nd7 18. Rxb4 Bg5 19. Rb1 Qxc2 20. Rxb7 Nf6 21. Qxc2 Rxc2 22. Bd3 Rcc8 23. a6 e4 24. Be2 Nxd5 25. Nd4 e3 26. Rd1 exf2+ 27. Kxf2 Be3+ 28. Kf3 Re8 29. Nf5 g6 30. Nxd6 Re5 31. g4 Bc5 32. Nc4 Rae8 33. Nxe5 Rxe5 34. Rxd5 Rxd5 35. a7 Bxa7 36. Rxa7 1-0


[Site "https://www.chess.com"]

[Event "Titled Tuesday Blitz November 30 2021"]
[White "Druska, Juraj"]
[Black "Pranav, V"]
[WhiteFideId "14915650"]
[BlackFideId "25060783"]
[WhiteElo "2369"]
[BlackElo "2351"]
[Result "0-1"]
[Round "07"]
[TimeControl "180+1"]
[Date "2021.11.30"]
[WhiteClock "0:00:09"]
[BlackClock "0:01:59"]

1. d4 Nf6 2. Bf4 c5 3. c3 Qb6 4. Qb3 cxd4 5. Qxb6 axb6 6. cxd4 Nc6 7. Nf3 Nb4 8. Kd1 Ne4 9. Be3 Nd5 10. Ke1 Nxe3 11. fxe3 d5 12. Nfd2 Nf6 13. Nc3 Bd7 14. a3 Bc6 15. h3 e5 16. g4 e4 17. g5 Nh5 18. h4 b5 19. Nb3 b4 20. axb4 Rxa1+ 21. Nxa1 Bxb4 22. Nc2 Bd6 23. Bh3 h6 24. gxh6 Rxh6 25. Bg4 Ng3 26. Rh3 f5 27. Bf3 exf3 28. exf3 f4 29. e4 Be7 30. exd5 Bd7 31. Kd2 Bxh3 0-1


[Site "https://www.chess.com"]

[Event "Titled Tuesday Blitz November 30 2021"]
[White "Durarbayli, Vasif"]
[Black "Madaminov, Mukhiddin"]
[WhiteFideId "13402935"]
[BlackFideId "14210703"]
[WhiteElo "2522"]
[BlackElo "1855"]
[Result "1/2-1/2"]
[Round "07"]
[TimeControl "180+1"]
[Date "2021.11.30"]
[WhiteClock "0:00:12"]
[BlackClock "0:01:11"]

1. e4 e5 2. Nc3 Nf6 3. d4 exd4 4. Qxd4 Nc6 5. Qd3 d5 6. Bg5 d4 7. Nd5 Nb4 8. Nxb4 Bxb4+ 9. c3 Ba5 10. Bxf6 gxf6 11. O-O-O c5 12. cxd4 cxd4 13. Nf3 Bg4 14. Qb5+ Kf8 15. Rxd4 Rc8+ 16. Kb1 Qb6 17. Qxb6 Bxb6 18. Rd2 Bxf3 19. gxf3 Ke7 20. Bh3 Rcd8 21. Rhd1 Rxd2 22. Rxd2 Rd8 23. Rd5 Bxf2 24. Bf5 h5 25. Kc2 Rxd5 26. exd5 Kd6 27. Be4 h4 28. h3 b5 29. f4 f5 30. Bxf5 Kxd5 31. Kd3 Bg3 32. Be4+ Kc5 33. f5 Be5 34. b3 Kb4 35. Kc2 f6 36. Bc6 Kc5 37. Be8 a6 38. Kd3 Bb2 39. a4 bxa4 40. bxa4 Kd5 41. Ke3 Bc1+ 42. Kf3 Ke5 43. Bd7 a5 44. Kg4 Bg5 45. Bc8 Ke4 46. Be6 1/2-1/2


[Site "https://www.chess.com"]

[Event "Titled Tuesday Blitz November 30 2021"]
[White "Gaehwiler, Gabriel"]
[Black "Iljiushenok, Ilia"]
[WhiteFideId "1314530"]
[BlackFideId "24105074"]
[WhiteElo "2320"]
[BlackElo "2578"]
[Result "0-1"]
[Round "07"]
[TimeControl "180+1"]
[Date "2021.11.30"]
[WhiteClock "0:00:09"]
[BlackClock "0:00:11"]

1. d4 Nf6 2. c4 e6 3. g3 d5 4. Bg2 Bb4+ 5. Bd2 a5 6. Nf3 O-O 7. Qc2 c5 8. O-O cxd4 9. Nxd4 e5 10. Nb5 d4 11. Bxb4 axb4 12. Nd2 Nc6 13. c5 Be6 14. Nd6 Qc7 15. a3 bxa3 16. bxa3 Nd5 17. N2e4 h6 18. Rfb1 Rfb8 19. Nb5 Qd7 20. Ned6 Ra5 21. Nc4 Ra6 22. Bxd5 Bxd5 23. Nb6 Rxb6 24. cxb6 Be6 25. Nc7 Bf5 26. Qc5 Bxb1 27. Rxb1 Qf5 28. Rd1 Rd8 29. a4 Qh5 30. f3 Qg5 31. Qc1 Qg6 32. Qc5 e4 33. Nd5 Qe6 34. Nf4 Qb3 35. Rf1 d3 36. fxe4 d2 37. Nd5 d1=Q 0-1


[Site "https://www.chess.com"]

[Event "Titled Tuesday Blitz November 30 2021"]
[White "Galchenko, Matvey"]
[Black "Radovic, Janko"]
[WhiteFideId "24175480"]
[BlackFideId "911518"]
[WhiteElo "2453"]
[BlackElo "2293"]
[Result "1-0"]
[Round "07"]
[TimeControl "180+1"]
[Date "2021.11.30"]
[WhiteClock "0:00:27"]
[BlackClock "0:00:03"]

1. f4 d5 2. Nf3 c5 3. g3 Nc6 4. Bg2 g6 5. O-O Bg7 6. d3 Nf6 7. Nc3 O-O 8. e4 dxe4 9. dxe4 Nd4 10. e5 Ng4 11. h3 Nh6 12. Ne4 Nxf3+ 13. Qxf3 Nf5 14. c3 Bd7 15. Qf2 Bc6 16. g4 Nh6 17. Nxc5 Bxg2 18. Qxg2 b6 19. Ne4 f6 20. exf6 exf6 21. f5 Nf7 22. Bf4 gxf5 23. gxf5 Kh8 24. Rad1 Qc8 25. Ng3 Rg8 26. Kh1 Bh6 27. Bxh6 Nxh6 28. Qf3 Rg5 29. Rd6 Qf8 30. Rxf6 Qxf6 31. Qxa8+ Rg8 32. Qf3 Qh4 33. Ne4 Re8 34. Nf2 Nf7 35. f6 Rg8 36. Rd1 Rg3 37. Qf5 Rg5 38. Qf3 Rg3 39. Qc6 Rg8 40. Rg1 Qxf2 41. Rxg8+ 1-0


[Site "https://www.chess.com"]

[Event "Titled Tuesday Blitz November 30 2021"]
[White "Gokerkan, Cem Kaan"]
[Black "Erdogdu, Mert"]
[WhiteFideId "6336760"]
[BlackFideId "6301495"]
[WhiteElo "2382"]
[BlackElo "2485"]
[Result "0-1"]
[Round "07"]
[TimeControl "180+1"]
[Date "2021.11.30"]
[WhiteClock "0:00:02"]
[BlackClock "0:00:09"]

1. Nf3 d5 2. g3 e6 3. Bg2 Nf6 4. O-O c5 5. d3 Be7 6. Nbd2 O-O 7. e4 Nc6 8. e5 Nd7 9. Re1 Qc7 10. Qe2 b5 11. Nf1 Bb7 12. h4 Rfc8 13. h5 h6 14. Bf4 Qd8 15. Ne3 a5 16. Ng4 Bf8 17. a3 a4 18. Qd2 b4 19. Ne3 bxa3 20. bxa3 Rab8 21. g4 Qa5 22. Qd1 Qc3 23. Rb1 Ba8 24. Rxb8 Rxb8 25. g5 hxg5 26. Nxg5 Ncxe5 27. Kf1 Qd4 28. Bg3 Rb2 29. Nf3 Nxf3 30. Qxf3 Qf6 31. Qg4 Bc6 32. Bh4 Qd4 33. Qg3 c4 34. dxc4 Nb6 35. cxd5 Nxd5 36. Nxd5 Bxd5 37. Bxd5 Qxd5 38. h6 Qh1+ 39. Ke2 Rxc2+ 40. Kd1 Qc6 41. hxg7 Rc1+ 42. Ke2 Qc4+ 43. Kd2 Qc2+ 0-1


[Site "https://www.chess.com"]

[Event "Titled Tuesday Blitz November 30 2021"]
[White "Golubev, Mikhail"]
[Black "Kovalev, Vladislav"]
[WhiteFideId "14100983"]
[BlackFideId "13504398"]
[WhiteElo "2374"]
[BlackElo "2573"]
[Result "0-1"]
[Round "07"]
[TimeControl "180+1"]
[Date "2021.11.30"]
[WhiteClock "0:00:06"]
[BlackClock "0:00:50"]

1. e4 e5 2. Nf3 Nc6 3. Bb5 a6 4. Ba4 Nf6 5. O-O Be7 6. Re1 b5 7. Bb3 d6 8. a4 Bg4 9. c3 Na5 10. Bc2 b4 11. d4 O-O 12. dxe5 Bxf3 13. Qxf3 dxe5 14. cxb4 Nc6 15. Rd1 Nd4 16. Qd3 Bxb4 17. Nc3 Qe7 18. Bg5 c6 19. Ne2 Ne6 20. Bh4 Rfd8 21. Qc4 a5 22. Ng3 Nd4 23. Nf5 Nxf5 24. exf5 Qc5 25. Qxc5 Bxc5 26. Bxf6 gxf6 27. Be4 Rab8 28. Rxd8+ Rxd8 29. Bxc6 Rd2 30. Rf1 Rxb2 31. g3 Rc2 32. Bb5 e4 33. h4 Kf8 34. Ba6 Ke7 35. Bb5 Kd6 36. Be8 Ra2 37. Bxf7 Rxa4 38. Rd1+ Ke7 39. Be6 Bd4 40. Kg2 Rb4 41. Ra1 Bxa1 0-1


[Site "https://www.chess.com"]

[Event "Titled Tuesday Blitz November 30 2021"]
[White "Gontcharov, Vladislav"]
[Black "Vokhidov, Shamsiddin"]
[WhiteFideId "4123492"]
[BlackFideId "14204223"]
[WhiteElo "2503"]
[BlackElo "2616"]
[Result "1-0"]
[Round "07"]
[TimeControl "180+1"]
[Date "2021.11.30"]
[WhiteClock "0:00:05"]
[BlackClock "0:01:20"]

1. e4 c5 2. Nf3 d6 3. d4 cxd4 4. Qxd4 Nf6 5. c4 Nc6 6. Qe3 g6 7. h3 Bg7 8. Nc3 O-O 9. Bd3 Qb6 10. Qxb6 axb6 11. O-O Nd7 12. Nd5 e6 13. Nc7 Rb8 14. Nb5 Nc5 15. Rd1 d5 16. exd5 exd5 17. cxd5 Nb4 18. Bc4 Bd7 19. Bf4 Rbc8 20. Nd6 Ra8 21. a3 Nba6 22. Rab1 h6 23. b3 g5 24. Be5 Nc7 25. Bxg7 Kxg7 26. a4 Rad8 27. Nd4 Kg6 28. g4 Bxa4 29. Nxb7 Nxb7 30. bxa4 Nxd5 31. Nf5 Nf6 32. Rxd8 Rxd8 33. Rxb6 Nc5 34. a5 Rd1+ 35. Kg2 Ra1 36. a6 Ra4 37. Bb5 Ra5 38. Bf1 Ra2 39. Rc6 Ne4 40. Bc4 Rxf2+ 41. Kg1 Rf3 42. a7 Ra3 43. Ra6 Rc3 44. a8=Q Rxc4 45. Qh8 Rc1+ 46. Kg2 Rc2+ 47. Kf1 Rf2+ 48. Ke1 Rxf5 49. gxf5+ Kxf5 50. Qxh6 Nd5 51. Ra5 Nf6 52. Qg7 Ke6 53. Qxg5 Kd6 54. Qf5 Kc6 55. h4 Kd6 56. h5 Ke7 57. Rxd5 Ne8 58. Re5+ Kf8 59. Rxe8+ Kxe8 60. Qf6 Kf8 61. h6 Kg8 62. Qg7# 1-0


[Site "https://www.chess.com"]

[Event "Titled Tuesday Blitz November 30 2021"]
[White "Dronavalli, Harika"]
[Black "Nagy, Gabor"]
[WhiteFideId "5015197"]
[BlackFideId "737119"]
[WhiteElo "2422"]
[BlackElo "2534"]
[Result "1/2-1/2"]
[Round "07"]
[TimeControl "180+1"]
[Date "2021.11.30"]
[WhiteClock "0:00:13"]
[BlackClock "0:00:15"]

1. e4 c5 2. c3 d6 3. d4 Nf6 4. Bd3 Nc6 5. Nf3 e5 6. h3 Be7 7. O-O O-O 8. Be3 exd4 9. cxd4 cxd4 10. Nxd4 Ne5 11. Nc3 d5 12. Bc2 dxe4 13. Nxe4 Nd5 14. Qh5 Ng6 15. Ng5 Bxg5 16. Bxg5 Qb6 17. Rad1 Bd7 18. Bf5 Bxf5 19. Nxf5 Nf6 20. Qf3 Rad8 21. Nh6+ gxh6 22. Bxf6 Rde8 23. Bd4 Qa6 24. Rfe1 Re6 25. Bc3 Rfe8 26. Rxe6 Qxe6 27. Qxb7 Qxa2 28. Qd7 Rf8 29. Qd4 f6 30. Qd3 Rf7 31. Qd8+ Kg7 32. Rd6 Qb1+ 33. Rd1 Qf5 34. Qd3 Qg5 35. Qf3 Nh4 36. Qg3 Nf5 37. Qxg5+ hxg5 38. Rd8 Re7 39. g3 h5 40. Rd5 Kg6 41. Ra5 g4 42. h4 Rd7 43. Ra6 Nd6 44. Kg2 Ne4 45. Ra4 Nxc3 46. bxc3 Rc7 47. c4 a5 1/2-1/2


[Site "https://www.chess.com"]